 Dungeon Crawl Stone Soup version 0.29-a0-284-gf9362112df (webtiles) character file.

Game seed: 7314203899704332557

63 sokol815 the Chopper (level 3, -6/29 HPs)
             Began as a Demonspawn Monk on Mar 24, 2022.
             Splashed by a jelly's acid (11 damage)
             ... on level 2 of the Dungeon.
             The game lasted 00:02:33 (1969 turns).

sokol815 the Chopper (Demonspawn Monk)              Turns: 1969, Time: 00:02:33

Health: -6/29      AC:  5    Str: 11    XL:     3   Next: 89%
Magic:  3/3        EV: 12    Int: 13    God:
Gold:   126        SH:  0    Dex: 15    Spells: 2/2 levels left

rFire   . . .      SeeInvis .   a - +0 hand axe
rCold   . . .      Faith    .   (no shield)
rNeg    . . .      Spirit   .   e - +0 leather armour
rPois   .          Reflect  .   (no helmet)
rElec   .          Harm     .   (no cloak)
rCorr   .          Rampage  .   (no gloves)
Will    .....                   (no boots)
Stlth   ++........              (no amulet)
HPRegen 0.09/turn               (no ring)
MPRegen 0.08/turn               (no ring)

@: corroded, sanguine armoured
A: sanguine armour 1
a: no special abilities


You were on level 2 of the Dungeon.
You visited 1 branch of the dungeon, and saw 2 of its levels.

You collected 126 gold pieces.

Inventory:

Hand Weapons
 a - a +0 hand axe (weapon)
Missiles
 s - 48 stones (quivered)
Armour
 b - a +0 robe
 e - a +0 leather armour (worn)
   (You found it on level 1 of the Dungeon)
Scrolls
 d - a scroll of enchant armour {unknown}
 f - a scroll of teleportation {unknown}
Potions
 c - a potion of berserk rage {unknown}
 h - a potion of degeneration {unknown}
 i - a potion of curing {unknown}
 G - a potion of ambrosia {!q}
 L - a potion of flight
 P - 2 potions of lignification {!q}


   Skills:
 - Level 3.0 Fighting
 + Level 4.4 Axes
 - Level 2.6 Dodging
 - Level 1.7 Stealth


You had 2 spell levels left.
You didn't know any spells.
Your spell library contained the following spells:

 Spells                   Type           Power      Damage    Failure   Level
 Sting                    Tmut/Pois      0%         1d3       38%         1
 Poisonous Vapours        Pois/Air       0%         N/A       52%         2
 Olgreb's Toxic Radiance  Pois           0%         N/A       99%         4


Dungeon Overview and Level Annotations

Branches:
Dungeon (2/15)

Altars:

Shops:
D:2 (


Innate Abilities, Weirdness & Mutations

When seriously injured, your blood forms armour. (AC +6)


Message History

The stone hits the quokka zombie but does no damage.
You throw a stone.
The stone hits the quokka zombie but does no damage.
You throw a stone. The stone hits the quokka zombie.
You throw a stone. The stone hits the quokka zombie.
You hit the quokka zombie.
You destroy the quokka zombie!
You throw a stone. The stone hits the adder skeleton.
You closely miss the adder skeleton. The adder skeleton misses you.
The adder skeleton barely misses you.
You slash the adder skeleton! The adder skeleton closely misses you.
You hit the adder skeleton. The adder skeleton closely misses you.
You barely miss the adder skeleton.
The adder skeleton bites you but does no damage.
You hit the adder skeleton. The adder skeleton barely misses you.
You hit the adder skeleton.
You destroy the adder skeleton!
No target in view!
No target in view!
s - 47 stones (gained 1)
s - 48 stones (gained 1)
s - 49 stones (gained 1)
s - 50 stones (gained 1)
s - 51 stones (gained 1)
Found a stone staircase leading up.
You open the door.
A rat comes into view.
You throw a stone. The stone barely misses the rat.
You throw a stone. The stone hits the rat.
You completely miss the rat. The rat bites you but does no damage.
The rat barely misses you.
You hit the rat but do no damage. The rat misses you.
You barely miss the rat. The rat bites you.
You take 2 damage, and have 27/29 hp.
You hit the rat.
You kill the rat!
No target in view!
There is an open door here.
You see here a rat corpse.
s - 50 stones (gained 1)
s - 51 stones (gained 1)
You open the door.
An adder comes into view.
Health restored: 29 You throw a stone.
The stone hits the adder but does no damage.
The adder hisses angrily.
A jelly comes into view.
You throw a stone. The stone closely misses the adder.
The jelly quivers.
You throw a stone. The stone hits the adder.
The adder bites you.
You take 1 damage, and have 28/29 hp.
You barely miss the adder. The adder barely misses you.
You hit the adder. The adder bites you.
You take 1 damage, and have 27/29 hp.
You miss the adder. The adder bites you.
You are poisoned.
The adder poisons you! The adder bites you.
You take 7 damage, and have 20/29 hp.
MASSIVE DAMAGE!!
You hit the adder but do no damage.
Your blood congeals into armour.
You feel sick. The adder bites you.
You take 2 damage, and have 18/29 hp.
You hit the adder.
You feel sick. The adder bites you but does no damage.
The adder closely misses you.
You take 2 damage, and have 16/29 hp.
Unknown command.
You closely miss the adder.
You feel sick. The adder bites you but does no damage.
You take 1 damage, and have 15/29 hp.
Unknown command.
You closely miss the adder.
You feel sick.
You are no longer poisoned.
The adder bites you but does no damage.
You take 1 damage, and have 14/29 hp.
You miss the adder. The adder bites you but does no damage.
The adder barely misses you.
Unknown command.
You hit the adder. The adder barely misses you.
Unknown command.
You miss the adder. The adder barely misses you.
Unknown command.
You hit the adder.
You kill the adder!
Unknown command.
Unknown command.
You hit the jelly.
Your hands burn!
The jelly hits you but does no damage.
You take 1 damage, and have 14/29 hp.
You hit the jelly.
Your hands burn!
The jelly hits you but does no damage.
You take 5 damage, and have 9/29 hp.
Unknown command.
Unknown command.
You hit the jelly.
Your hands burn!
* * * LOW HITPOINT WARNING * * *
The jelly hits you but does no damage.
You take 1 damage, and have 8/29 hp.
You barely miss the jelly. The jelly hits you.
* * * LOW HITPOINT WARNING * * *
The acid corrodes you!
You are splashed with acid!
You die...

#.....#
#...................#
#####.#
#.........###.......#
#.# ##.######.#
#########
#∩####.######.#
#.............#
######.########
#.#...# #.#.#.#
#.†.#@# #.###J# #.#
.(. #.#..#.# #.#.# ..
#.#. (#+ .<## ## #..


You could see a jelly.

Vanquished Creatures
  2 adders (D:2)
  3 adder skeletons (D:2)
  A worm (D:2)
  A bat skeleton (D:2)
  3 endoplasms
  4 giant cockroaches
  2 goblins
  3 hobgoblins
  A ball python skeleton (D:2)
  5 bats (D:1)
  2 frilled lizards (D:1)
  A giant cockroach zombie (D:2)
  2 kobolds (D:2)
  A quokka zombie (D:2)
  3 rats
34 creatures vanquished.

Vanquished Creatures (others)
  6 withered plants (D:2)
6 creatures vanquished.

Grand Total: 40 creatures vanquished

Notes
Turn   | Place    | Note
-------+----------+-------------------------------------------
     0 | D:1      | sokol815 the Demonspawn Monk began the quest for the Orb.
     0 | D:1      | Reached XP level 1. HP: 18/18 MP: 1/1
   132 | D:1      | Reached skill level 3 in Axes
   226 | D:1      | Gained mutation: When seriously injured, your blood forms
                  | armour. (AC +6) [demonic ancestry]
   226 | D:1      | Reached XP level 2. HP: 23/24 MP: 2/2
  1345 | D:2      | Reached XP level 3. HP: 27/29 MP: 3/3
  1456 | D:2      | Found Effugg's Weapon Shoppe.
  1483 | D:2      | Reached skill level 4 in Axes
  1484 | D:2      | HP: 7/29 [poisoned by an adder]
  1969 | D:2      | HP: 5/29 [jelly (3)]
  1969 | D:2      | Splashed by a jelly's acid

Illustrated notes

Levels and vault maps discovered:
D:1:      ebering_hopf_link, layout_loops_ring
D:2:      minmay_chambers_of_ones, layout_basic, serial_undead, serial_undead_d,
          serial_undead_f, serial_undead_d, serial_undead_b, serial_shops, shop

Skill      XL: |  1  2  3 |
---------------+----------+-----
Axes           | 3 4 |  4.4
Fighting       | |  3.0
Dodging        | |  2.6
Stealth        | |  1.7

Action                   || total
-------------------------++-------
Melee: Hand axe          ||   133
       Punch             ||     3
Throw: Stone             ||    54
  Use: Scroll            ||     2
 Stab: Sleeping          ||     3
Armor: Robe              ||     5
       Leather armour    ||    31
Dodge: Dodged            ||    76

Table legend: (Time is in decaauts)
 A = Elapsed time spent in this place.
 B = Non-inter-level travel time spent in this place.
 C = Inter-level travel time spent in this place.
 D = Time resting spent in this place.
 E = Time spent auto-exploring this place.
 F = Levels seen in this place.
 G = Mean time per level.
                   A        B        C        D        E       F      G
               +--------+--------+--------+--------+--------+-----+--------+
         Total |   1988 |   1968 |     20 |    395 |   1242 |   2 |  994.0 |
       Dungeon |   1988 |   1968 |     20 |    395 |   1242 |   2 |  994.0 |
               +--------+--------+--------+--------+--------+-----+--------+

Top non-repeatable levels by time:
     D:2: 1086 daAuts
     D:1: 902 daAuts

Table legend:
 A = Kills in this place as a percentage of kills in entire the game.
 B = Kills by you in this place as a percentage of kills by you in the entire game.
 C = Kills by friends in this place as a percentage of kills by friends in the entire game.
 D = Other kills in this place as a percentage of other kills in the entire game.
 E = Experience gained in this place as a percentage of experience gained in the entire game.
 F = Experience gained in this place divided by the number of levels of this place that you have seen.
                   A       B       C       D       E      F
               +-------+-------+-------+-------+-------+----------------------
         Total | 100.0 | 100.0 |   N/A |   N/A | 100.0 |  45.5
       Dungeon | 100.0 | 100.0 |   N/A |   N/A | 100.0 |  45.5
               +-------+-------+-------+-------+-------+----------------------
